AZL
LOS ANGELES A (AZL) ANGELS @ KANSAS CITY (AZL) ROYALS
08/17/2099
 
TOP OF THE 1ST
Los Angeles A (AZL) Angels batting - Pitching for Kansas City (AZL) Royals : LHP Pete Dominguez
Pitching: LHP Pete Dominguez
Batting: RHB Craig Dolan 0-0: Ball
1-0: Called Strike
1-1: Ball
2-1: Ball
3-1: Base on Balls
Batting: RHB Donovan Meyer 0-0: Called Strike
0-1: Ball
1-1: Swinging Strike
1-2: Ball
2-2: Ball
3-2: Foul Ball, location: 23FF
3-2: Foul Ball, location: 25F
3-2: Grounds into double play, 6-4-3 (Groundball, 6MS, EV 82.5 MPH)
Batting: RHB Hector Castillo 0-0: Fly out, F9 (Line Drive, 9LS, EV 96.9 MPH)
Top of the 1st over - 0 runs, 0 hits, 0 errors, 0 left on base; Los Angeles A (AZL) 0 - Kansas City (AZL) 0
BOTTOM OF THE 1ST
Kansas City (AZL) Royals batting - Pitching for Los Angeles A (AZL) Angels : RHP Mike Farringer
Pitching: RHP Mike Farringer
Batting: RHB Ralph Katch 0-0: Ball
1-0: Ball
2-0: Foul Ball, location: 9LSFF
2-1: SINGLE (Groundball, 4MD, EV 103.8 MPH)
Batting: LHB Jose Camcho 0-0: Called Strike
0-1: Grounds into double play, 4-6-3 (Groundball, 4, EV 96.9 MPH)
Batting: RHB Ryan Riley 0-0: Ball
1-0: Called Strike
1-1: Ball
2-1: Foul Ball, location: 2F
2-2: Ground out 4-3 (Groundball, 4, EV 90.0 MPH)
Bottom of the 1st over - 0 runs, 1 hit, 0 errors, 0 left on base; Los Angeles A (AZL) 0 - Kansas City (AZL) 0
TOP OF THE 2ND
Los Angeles A (AZL) Angels batting - Pitching for Kansas City (AZL) Royals : LHP Pete Dominguez
Batting: LHB Dan Earl 0-0: Foul Ball, location: 3SF
0-1: Ball
1-1: Foul Ball, location: 2F
1-2: SINGLE (Line Drive, 4MD, EV 94.4 MPH)
Batting: RHB Taylor Clarke 0-0: Ball
1-0: Fielders Choice at 2nd, 5-4 (Groundball, 5, EV 106.9 MPH)
Batting: RHB Juan Thomas 0-0: Called Strike
0-1: Ball
1-1: Ball
2-1: Grounds into double play, 5-4-3 (Groundball, 56S, EV 81.3 MPH)
Top of the 2nd over - 0 runs, 1 hit, 0 errors, 0 left on base; Los Angeles A (AZL) 0 - Kansas City (AZL) 0
BOTTOM OF THE 2ND
Kansas City (AZL) Royals batting - Pitching for Los Angeles A (AZL) Angels : RHP Mike Farringer
Batting: SHB Antan Eliseu 0-0: Swinging Strike
0-1: Ball
1-1: Ball
2-1: Ground out 4-3 (Groundball, 4, EV 89.4 MPH)
Batting: LHB Michael Medica 0-0: Foul Ball, location: 2F
0-1: Ball
1-1: Ball
2-1: Foul Ball, location: 2F
2-2: SINGLE (Groundball, 34D, EV 105.0 MPH)
Batting: LHB Perry O'Brien 0-0: Ball
1-0: Foul Ball, location: 3FF
1-1: Called Strike
1-2: Ball
2-2: Foul Ball, location: 3F
2-2: Foul Ball, location: 5DF
2-2: Strikes out swinging
Batting: RHB Jeremy Rich 0-0: Called Strike
0-1: Ball
1-1: Called Strike
1-2: Strikes out swinging
Bottom of the 2nd over - 0 runs, 1 hit, 0 errors, 1 left on base; Los Angeles A (AZL) 0 - Kansas City (AZL) 0
TOP OF THE 3RD
Los Angeles A (AZL) Angels batting - Pitching for Kansas City (AZL) Royals : LHP Pete Dominguez
Batting: RHB Kevin Barnett 0-0: Ball
1-0: Foul Ball, location: 9LSF
1-1: Foul Ball, location: 2F
1-2: Ground out 1-3 (Groundball, 23, EV 70.0 MPH)
Batting: RHB Tristan Ballowe 0-0: Fly out, F8 (Flyball, 8RS, EV 90.0 MPH)
Batting: RHB Danny Martinez 0-0: Called Strike
0-1: Called Strike
0-2: Strikes out swinging
Top of the 3rd over - 0 runs, 0 hits, 0 errors, 0 left on base; Los Angeles A (AZL) 0 - Kansas City (AZL) 0
BOTTOM OF THE 3RD
Kansas City (AZL) Royals batting - Pitching for Los Angeles A (AZL) Angels : RHP Mike Farringer
Batting: RHB Alberto Cabrera 0-0: Ground out 4-3 (Groundball, 4, EV 102.5 MPH)
Batting: RHB Omar Bustos 0-0: Ball
1-0: Called Strike
1-1: Ball
2-1: Called Strike
2-2: Ground out 6-3 (Groundball, 6, EV 102.5 MPH)
Batting: RHB Ralph Katch 0-0: Called Strike
0-1: SINGLE (Line Drive, 9S, EV 93.8 MPH)
Batting: LHB Jose Camcho 0-0: Called Strike
0-1: Ball
1-1: Fly out, F8 (Flyball, 8LXD, EV 93.1 MPH)
Bottom of the 3rd over - 0 runs, 1 hit, 0 errors, 1 left on base; Los Angeles A (AZL) 0 - Kansas City (AZL) 0
TOP OF THE 4TH
Los Angeles A (AZL) Angels batting - Pitching for Kansas City (AZL) Royals : LHP Pete Dominguez
Batting: RHB Craig Dolan 0-0: Called Strike
0-1: Ground out 5-3 (Groundball, 5S, EV 72.5 MPH)
Batting: RHB Donovan Meyer 0-0: Ball
1-0: Ball
2-0: SINGLE (Line Drive, 4D, EV 100.0 MPH)
Batting: RHB Hector Castillo 0-0: Grounds into double play, 4-6-3 (Groundball, 4, EV 88.1 MPH)
Top of the 4th over - 0 runs, 1 hit, 0 errors, 0 left on base; Los Angeles A (AZL) 0 - Kansas City (AZL) 0
BOTTOM OF THE 4TH
Kansas City (AZL) Royals batting - Pitching for Los Angeles A (AZL) Angels : RHP Mike Farringer
Batting: RHB Ryan Riley 0-0: Called Strike
0-1: Swinging Strike
0-2: SINGLE (Line Drive, 56, EV 100.0 MPH)
Batting: SHB Antan Eliseu 0-0: Grounds into double play, 5-4-3 (Groundball, 5, EV 80.6 MPH)
Batting: LHB Michael Medica 0-0: Called Strike
0-1: Foul Ball, location: 2F
0-2: Ball
1-2: Ball
2-2: Foul Ball, location: 2F
2-2: Foul Ball, location: 7LDF
2-2: Strikes out swinging
Bottom of the 4th over - 0 runs, 1 hit, 0 errors, 0 left on base; Los Angeles A (AZL) 0 - Kansas City (AZL) 0
TOP OF THE 5TH
Los Angeles A (AZL) Angels batting - Pitching for Kansas City (AZL) Royals : LHP Pete Dominguez
Batting: LHB Dan Earl 0-0: Swinging Strike
0-1: Called Strike
0-2: SOLO HOME RUN (Flyball, 89XD, EV 97.5 MPH), Distance : 402 ft
Batting: RHB Taylor Clarke 0-0: Ball
1-0: Ball
2-0: Fly out, F8 (Flyball, 8RM, EV 91.9 MPH)
Batting: RHB Juan Thomas 0-0: Called Strike
0-1: Ball
1-1: Ball
2-1: Fly out, F9 (Flyball, 89M, EV 82.5 MPH)
Batting: RHB Kevin Barnett 0-0: Called Strike
0-1: Ball
1-1: Swinging Strike
1-2: Ball
2-2: Fly out, F7 (Flyball, 7LS, EV 91.3 MPH)
Top of the 5th over - 1 run, 1 hit, 0 errors, 0 left on base; Los Angeles A (AZL) 1 - Kansas City (AZL) 0
BOTTOM OF THE 5TH
Kansas City (AZL) Royals batting - Pitching for Los Angeles A (AZL) Angels : RHP Mike Farringer
Batting: LHB Perry O'Brien 0-0: Ball
1-0: Called Strike
1-1: Foul Ball, location: 2F
1-2: SINGLE (Groundball, 34D, EV 105.6 MPH)
Batting: RHB Jeremy Rich 0-0: Ball
1-0: Ball
2-0: Called Strike
2-1: Ball
3-1: Foul Ball, location: 2F
3-2: Fly out, F8 (Line Drive, 8LD, EV 96.9 MPH)
Batting: RHB Alberto Cabrera 0-0: Swinging Strike
0-1: Ball
1-1: SINGLE (Line Drive, 7S, EV 96.3 MPH)
Perry O'Brien to second
Batting: RHB Omar Bustos 0-0: Ball
1-0: SINGLE (Line Drive, 7S, EV 91.3 MPH)
Perry O'Brien to third
Alberto Cabrera to second
Batting: RHB Ralph Katch 0-0: Grounds into double play, 3-2-3 (Groundball, 34, EV 82.5 MPH)
Bottom of the 5th over - 0 runs, 3 hits, 0 errors, 2 left on base; Los Angeles A (AZL) 1 - Kansas City (AZL) 0
TOP OF THE 6TH
Los Angeles A (AZL) Angels batting - Pitching for Kansas City (AZL) Royals : LHP Pete Dominguez
Batting: RHB Tristan Ballowe 0-0: Swinging Strike
0-1: Called Strike
0-2: Ball
1-2: Fly out, F8 (Flyball, 8LD, EV 90.6 MPH)
Batting: RHB Danny Martinez 0-0: Ball
1-0: Called Strike
1-1: Ground out 4-3 (Groundball, 34, EV 81.3 MPH)
Batting: RHB Craig Dolan 0-0: Called Strike
0-1: Ball
1-1: Ball
2-1: Swinging Strike
2-2: Strikes out looking
Top of the 6th over - 0 runs, 0 hits, 0 errors, 0 left on base; Los Angeles A (AZL) 1 - Kansas City (AZL) 0
BOTTOM OF THE 6TH
Kansas City (AZL) Royals batting - Pitching for Los Angeles A (AZL) Angels : RHP Mike Farringer
Batting: LHB Jose Camcho 0-0: Foul Ball, location: 3F
0-1: Foul Ball, location: 2F
0-2: Ball
1-2: Ball
2-2: Ball
3-2: Base on Balls
Pitching: RHP Manny Fuentes
Batting: RHB Ryan Riley 0-0: Foul Ball, location: 3DF
0-1: Ball
Jose Camcho steals 2nd base (no throw)
1-1: Ball
2-1: TRIPLE (Flyball, 89XD, EV 100.0 MPH)
Jose Camcho scores
Batting: SHB Antan Eliseu 0-0: Ball
1-0: Ball
2-0: Ball
3-0: Base on Balls
Batting: LHB Michael Medica 0-0: Ball
1-0: Ball
2-0: Called Strike
2-1: Ball
3-1: Foul Ball, location: 5F
3-2: Base on Balls
Antan Eliseu to second
Batting: LHB Perry O'Brien 0-0: Ball
1-0: DOUBLE (Line Drive, 8LD, EV 108.8 MPH)
Ryan Riley scores
Antan Eliseu scores
Michael Medica to third
Batting: RHB Jeremy Rich 0-0: Called Strike
0-1: Called Strike
0-2: Hit by Pitch
Batting: RHB Alberto Cabrera 0-0: Ball
1-0: Foul Ball, location: 5F
1-1: Called Strike
1-2: Foul Ball, location: 2F
1-2: Ball
2-2: Foul Ball, location: 9LSF
2-2: Strikes out swinging
Batting: RHB Omar Bustos 0-0: Ball
1-0: SINGLE (Line Drive, 6D, EV 101.9 MPH)
Michael Medica scores
Perry O'Brien to third
Jeremy Rich to second
Runner from 3rd tries for Home, SAFE, throw by LF to home
Pitching: LHP Jose Camacho
Batting: RHB Ralph Katch 0-0: Ball
1-0: Swinging Strike
1-1: Ball
2-1: TRIPLE (Groundball, 5L, EV 99.4 MPH)
Jeremy Rich scores
Omar Bustos scores
Batting: LHB Jose Camcho 0-0: SINGLE (Line Drive, 89M, EV 105.6 MPH)
Ralph Katch scores
Batting: RHB Ryan Riley 0-0: Called Strike
0-1: Ball
Jose Camcho steals 2nd base
1-1: Ball
2-1: Fly out, F4 (Popup, 4, EV 65.6 MPH)
Batting: SHB Antan Eliseu 0-0: Foul Ball, location: 5F
0-1: Foul Ball, location: 7LMF
0-2: Ball
1-2: Ball
2-2: Ball
3-2: Fly out, F8 (Flyball, 78M, EV 90.0 MPH)
Bottom of the 6th over - 8 runs, 5 hits, 0 errors, 1 left on base; Los Angeles A (AZL) 1 - Kansas City (AZL) 8
TOP OF THE 7TH
Los Angeles A (AZL) Angels batting - Pitching for Kansas City (AZL) Royals : LHP Pete Dominguez
Pinch Hitting: RHB A.J. Burke 0-0: Ball
1-0: Foul Ball, location: 2F
1-1: Foul Ball, location: 2F
1-2: TRIPLE (Line Drive, 89XD, EV 110.6 MPH)
Pinch Hitting: RHB Danny Pacheco 0-0: DOUBLE (Flyball, 89XD, EV 100.6 MPH)
A.J. Burke scores
Batting: LHB Dan Earl 0-0: Called Strike
0-1: Ball
1-1: Ball
2-1: Ball
3-1: Foul Ball, location: 2F
3-2: Foul Ball, location: 9LDF
3-2: DOUBLE (Flyball, 8RXD, EV 103.8 MPH)
Danny Pacheco scores
Pitching: RHP Nathan Lewis
Pinch Hitting: LHB Raul Paredes 0-0: SINGLE (Groundball, 4, EV 105.6 MPH) (infield hit)
Dan Earl to third
Pinch Hitting: LHB Juan Barajas 0-0: Swinging Strike
0-1: Ball
1-1: Ball
2-1: Ball
3-1: Base on Balls
Raul Paredes to second
Pinch Hitting: LHB Karl Eastman 0-0: Ball
1-0: Called Strike
1-1: Ball
2-1: SINGLE (Groundball, 34D, EV 98.8 MPH)
Dan Earl scores
Raul Paredes to third
Juan Barajas to second
Pinch Hitting: RHB Greg Crater 0-0: Ball
1-0: Fly out, F3 (Popup, 3S, EV 79.4 MPH)
Batting: RHB Danny Martinez 0-0: Ball
1-0: Called Strike
1-1: Grounds into fielders choice 5-2 (Groundball, 56, EV 105.6 MPH)
Juan Barajas to third
Karl Eastman to second
Pinch Hitting: SHB Jarod Heckman 0-0: Fly out, F9 (Flyball, 9D, EV 99.4 MPH)
Top of the 7th over - 3 runs, 5 hits, 0 errors, 3 left on base; Los Angeles A (AZL) 4 - Kansas City (AZL) 8
BOTTOM OF THE 7TH
Kansas City (AZL) Royals batting - Pitching for Los Angeles A (AZL) Angels : LHP Jose Camacho
Now at 1B: Karl Eastman
Now at 2B: Rich Howes
Now at 3B: Wilson Dominguez
Now at SS: Danny Pacheco
Now in LF: Raul Paredes
Now in CF: Jarod Heckman
Now in RF: Juan Barajas
Batting: LHB Michael Medica 0-0: Called Strike
0-1: SINGLE (Line Drive, 8LS, EV 96.9 MPH)
Batting: LHB Perry O'Brien 0-0: Fly out, F5 (Line Drive, 56, EV 70.6 MPH)
Batting: RHB Jeremy Rich 0-0: Ball
1-0: Ball
2-0: Ball
3-0: Foul Ball, location: 9LMF
3-1: Called Strike
3-2: Foul Ball, location: 23FF
3-2: Base on Balls
Michael Medica to second
Batting: RHB Alberto Cabrera 0-0: Ball
1-0: Ball
2-0: Ball
3-0: Called Strike
3-1: SINGLE (Groundball, 56D, EV 102.5 MPH)
Michael Medica to third
Jeremy Rich to second
Pitching: RHP Tony Reyes
Batting: RHB Omar Bustos 0-0: Swinging Strike
0-1: Foul Ball, location: 25FF
0-2: Ball
1-2: Strikes out swinging
Batting: RHB Ralph Katch 0-0: SINGLE (Groundball, 34D, EV 96.3 MPH)
Michael Medica scores
Jeremy Rich to third
Alberto Cabrera to second
Runner from 3rd tries for Home, SAFE, throw by RF to home
Batting: LHB Jose Camcho 0-0: DOUBLE (Line Drive, 89D, EV 100.0 MPH)
Alberto Cabrera scores
Ralph Katch to third
Runner from 3rd tries for Home, SAFE, throw by RF to trailing runner, SAFE at third!
Pinch Hitting: RHB Bobby Aponte 0-0: Ball
1-0: SINGLE (Line Drive, 78S, EV 98.1 MPH)
Jose Camcho scores
Batting: SHB Antan Eliseu 0-0: Ball
1-0: Ball
2-0: Called Strike
2-1: Ball
3-1: 2-RUN HOME RUN (Flyball, 78XD, EV 105.0 MPH), Distance : 410 ft
Pitching: RHP Roberto Heredia
Pinch Hitting: SHB Mario Ramirez 0-0: Called Strike
0-1: Ball
1-1: Ground out 4-3 (Groundball, 4, EV 81.9 MPH)
Bottom of the 7th over - 7 runs, 6 hits, 0 errors, 0 left on base; Los Angeles A (AZL) 4 - Kansas City (AZL) 15
TOP OF THE 8TH
Los Angeles A (AZL) Angels batting - Pitching for Kansas City (AZL) Royals : RHP Nathan Lewis
Now at 3B: Bobby Aponte
Now in LF: Mario Ramirez
Pinch Hitting: RHB Chris Diaz 0-0: Called Strike
0-1: Ball
1-1: Swinging Strike
1-2: Strikes out looking
Pinch Hitting: LHB Chad Smith 0-0: Ball
1-0: Foul Ball, location: 3F
1-1: Ground out 4-3 (Groundball, 4, EV 110.0 MPH)
Batting: LHB Dan Earl 0-0: Called Strike
0-1: Ball
1-1: Called Strike
1-2: Strikes out swinging
Top of the 8th over - 0 runs, 0 hits, 0 errors, 0 left on base; Los Angeles A (AZL) 4 - Kansas City (AZL) 15
BOTTOM OF THE 8TH
Kansas City (AZL) Royals batting - Pitching for Los Angeles A (AZL) Angels : RHP Roberto Heredia
Now at 2B: Mike Hooten
Now at SS: Chris Diaz
Batting: LHB Perry O'Brien 0-0: Ball
1-0: Foul Ball, location: 2F
1-1: Ball
2-1: Called Strike
2-2: Fly out, F9 (Flyball, 9, EV 91.3 MPH)
Pinch Hitting: RHB Danny Rosario 0-0: Ball
1-0: Foul Ball, location: 3SF
1-1: Called Strike
1-2: SINGLE (Line Drive, 7S, EV 104.4 MPH)
Batting: RHB Alberto Cabrera 0-0: Foul Ball, location: 7LMF
0-1: Ball
1-1: Ball
2-1: Swinging Strike
2-2: SINGLE (Groundball, 5D, EV 99.4 MPH)
Danny Rosario to second
Pinch Hitting: RHB Rick Weiss 0-0: Ball
1-0: Fly out, F9 (Flyball, 89S, EV 81.3 MPH)
Pinch Hitting: RHB Jose Gomez 0-0: Ball
1-0: DOUBLE (Flyball, 8RXD, EV 101.9 MPH)
Danny Rosario scores
Alberto Cabrera to third
Runner from 3rd tries for Home, SAFE, throw by CF to trailing runner, SAFE at third!
Pinch Hitting: RHB Miguel Gomez 0-0: Ball
1-0: Ball
2-0: Ball
3-0: Base on Balls
Pinch Hitting: SHB Oscar Reyes 0-0: Fly out, F9 (Line Drive, 89M, EV 89.4 MPH)
Bottom of the 8th over - 2 runs, 3 hits, 0 errors, 2 left on base; Los Angeles A (AZL) 4 - Kansas City (AZL) 17
TOP OF THE 9TH
Los Angeles A (AZL) Angels batting - Pitching for Kansas City (AZL) Royals : RHP Nathan Lewis
Now at 1B: Jose Gomez
Now at 2B: Rick Weiss
Now at 3B: Oscar Reyes
Now at SS: Danny Rosario
Now in CF: Miguel Gomez
Pinch Hitting: RHB Manny Alvarez 0-0: Called Strike
0-1: Fly out, F7 (Flyball, 7, EV 93.8 MPH)
Pinch Hitting: LHB Rich Angulo 0-0: Ball
1-0: Ball
2-0: SINGLE (Groundball, 34D, EV 108.1 MPH)
Pinch Hitting: RHB Matthew Buntain 0-0: Ball
1-0: SINGLE (Line Drive, 9LM, EV 84.4 MPH)
Rich Angulo to second
Pinch Hitting: LHB Bubba Pickering 0-0: Ball
1-0: Ball
2-0: Called Strike
2-1: Foul Ball, location: 7LMF
2-2: Strikes out swinging
Pinch Hitting: RHB Ricky Fernandez 0-0: Foul Ball, location: 2F
0-1: Ball
1-1: Ball
2-1: Ground out 3-1 (Groundball, 34, EV 81.9 MPH)
Top of the 9th over - 0 runs, 2 hits, 0 errors, 2 left on base; Los Angeles A (AZL) 4 - Kansas City (AZL) 17
Tuesday, May 14th , 2024 - OOTP Baseball 24.11 Build 85